 Dungeon Crawl Stone Soup version 0.31-a0-1-g4198be8af4 (webtiles) character file.

Game seed: 13717645717821789763

1946 erloom the Basher (level 8, -5/67 (73) HPs)
             Began as a Minotaur Fighter on May 1, 2023.
             Was a Believer of Okawaru.
             Slain by a wight
             ... wielding a +2 heavy great sword
              (25 damage)
             ... on level 6 of the Dungeon.
             The game lasted 00:09:01 (5026 turns).

erloom the Basher (Minotaur Fighter)                Turns: 5026, Time: 00:09:02

HP:   -5/67 (73)    AC: 15    Str: 21    XL:     8   Next: 98%
MP:   9/9           EV:  6    Int:  4    God:    Okawaru [**....]
Gold: 272           SH:  5    Dex: 13    Spells: 7/7 levels left

rFire   + + +        x - +5 flail "Killer Bee's Death" {freeze, rF+++ rC++ Int-3 Dex+3}
rCold   + + .        c - +0 buckler
rNeg    . . .        G - +0 plate armour
rPois   .            (helmet restricted)
rElec   .            (no cloak)
rCorr   .            p - +1 pair of gloves
SInv    .            l - +0 pair of boots {Stlth+}
Will    .....        I - amulet of the acrobat Stlth
                     (no ring)
HPRegen 0.31/turn    (no ring)
MPRegen 0.11/turn

%: acrobat
@: drained
A: horns 2, retaliatory headbutt
a: Renounce Religion, Heroism


You were on level 6 of the Dungeon.
You worshipped Okawaru.
Okawaru was pleased with you.
You visited 1 branch of the dungeon, and saw 6 of its levels.
You also visited: Sewer.

You collected 272 gold pieces.

Inventory:

Hand Weapons
 a - a +0 war axe
 x - the +5 flail "Killer Bee's Death" (weapon) {freeze, rF+++ rC++ Int-3 Dex+3}
   (You found it on level 4 of the Dungeon)

   Int:       It affects your intelligence (-3).
   Dex:       It affects your dexterity (+3).
   rF:        It renders you almost immune to fire.
   rC:        It greatly protects you from cold.
 y - a +4 heavy flail
Armour
 b - a +0 scale mail
 c - a +0 buckler (worn)
 l - a +0 pair of boots of stealth (worn)
 n - a +0 chain mail
 p - a +1 pair of gloves (worn)
 G - a +0 plate armour (worn)
Jewellery
 I - an amulet of the acrobat (around neck)
Wands
 E - a wand of digging (8)
Scrolls
 e - 2 scrolls of fog {unknown}
 f - 3 scrolls of blinking {unknown}
 i - 2 scrolls of magic mapping {unknown}
 j - a scroll of poison {unknown}
 m - a scroll of torment {unknown}
 r - a scroll of silence {unknown}
 s - 3 scrolls of identify {unknown}
 t - a scroll of immolation {unknown}
 u - a scroll of enchant armour
 v - 2 scrolls of teleportation {unknown}
 w - a scroll of amnesia {unknown}
 A - 2 scrolls of enchant weapon {unknown}
 B - a scroll of summoning {unknown}
 C - a scroll of acquirement {unknown}
 D - 2 scrolls of fear {unknown}
Potions
 d - a potion of lignification {unknown}
 g - 2 potions of attraction {unknown}
 h - 3 potions of mutation {unknown}
 k - 2 potions of cancellation {unknown}
 o - 2 potions of curing {unknown}
 q - a potion of heal wounds {unknown}
 z - a potion of flight {unknown}
 F - a potion of invisibility
 H - a potion of resistance {unknown}
 J - a potion of haste {unknown}


   Skills:
 + Level 7.1 Fighting
 - Level 7.9(9.5) Axes
 + Level 8.1(9.6) Maces & Flails
 + Level 4.6 Armour
 + Level 4.6 Shields
 - Level 3.0 Invocations


You had 7 spell levels left.
You didn't know any spells.
Your spell library contained the following spells:

 Spells                   Type           Power      Damage    Failure   Level
 Ensorcelled Hibernation  Hex/Ice        0%         N/A       100%        2
 Spider Form              Tmut/Pois      0%         N/A       100%        3
 Vhi's Electric Charge    Tloc/Air       0%         N/A       100%        3
 Anguish                  Hex/Necr       0%         N/A       100%        4
 Arcjolt                  Conj/Air       0%         1d10      100%        5
 Maxwell's Capacitive Co  Air            0%         ∞         100%        8


Dungeon Overview and Level Annotations

Branches:
Dungeon (6/15)             Temple (0/1) D:4           Sewer (visited)

Altars:
Nemelex Xobeh
Okawaru
Uskayaw
Zin

Shops:
D:2 ?   D:6 (


Innate Abilities, Weirdness & Mutations

You have a pair of horns on your head.
You reflexively headbutt those who attack you in melee.


Message History

Okawaru accepts your kill. The wight completely misses you.
The wight attacks as you move away! The wight closely misses you.
The wight attacks as you move away! The wight misses you.
The wight attacks as you move away! The wight hits you but does no damage.
You barely miss the wight. You headbutt the wight.
The wight is moderately damaged.
The wight barely misses you. You furiously retaliate!
You headbutt the wight.
The wight hits you from afar with a +0 spear.
You hit the wight.
You destroy the wight!
Okawaru accepts your kill. The wight hits you but does no damage.
You hit the wight.
The wight is moderately damaged.
The wight hits you with a +2 heavy great sword!
The wight hits you from afar with a +0 spear.
You feel drained.
You hit the wight.
The wight is moderately damaged.
The wight hits you from afar with a +0 spear.
The wight barely misses you.
You hit the wight. You headbutt the wight.
The wight is severely damaged.
The wight closely misses you.
You hit the wight but do no damage.
The wight is severely damaged.
You block the wight's attack.
The wight hits you from afar with a +0 spear.
You barely miss the wight. You headbutt the wight.
The wight is almost destroyed.
The wight hits you from afar with a +0 spear.
You feel drained.
The wight hits you with a +2 heavy great sword!
You feel drained.
* * * LOW HITPOINT WARNING * * *
You open the door. The wight attacks as you move away!
The wight hits you with a +2 heavy great sword!!
You die...

.................'......#
.................#......#
.................#......#
.................#......#
.................#...)..#
........###+######......#
........#........#......#
........#........#.<....#
....... #.......@'......#
....... #+####z####'####
....... #z####....#
....... #z........#
....... #.........#
..............#.........#
########......#...##....#
#......#...##....#
#......#...#######


You could see 3 wights.

Vanquished Creatures
  Edmund (D:4)
  A steam dragon (D:6)
  A water moccasin (D:6)
  Pargi (Sewer)
  2 black bears
  2 ogres (D:6)
  A centaur (D:6)
  2 phantoms
  A bullfrog (D:5)
  6 wights (D:6)
  6 hounds
  A gnoll bouda (D:5)
  An orc priest (D:6)
  A jelly (D:5)
  Jessica (D:2)
  Ijyb (D:5)
  4 gnolls
  12 adders
  2 white imps
  An ufetubus (D:6)
  2 worms
  2 dart slugs
  12 orcs
  3 endoplasms
  5 giant cockroaches
  3 goblins
  4 hobgoblins
  4 jackals (D:2)
  2 quokkas
  3 ball pythons
  4 bats
  8 frilled lizards
  3 kobolds
  2 rats
  A spectral hobgoblin (D:2)
106 creatures vanquished.

Notes
Turn   | Place    | Note
-------+----------+-------------------------------------------
     0 | D:1      | erloom the Minotaur Fighter began the quest for the Orb.
     0 | D:1      | Reached XP level 1. HP: 19/19 MP: 0/0
   347 | D:1      | Reached XP level 2. HP: 26/26 MP: 1/1
   935 | D:2      | Reached XP level 3. HP: 31/31 MP: 2/2
  1053 | D:2      | Found Linkim's Magic Scroll Shoppe.
  1140 | D:2      | Found a faded altar of an unknown god.
  1141 | D:2      | Noticed Jessica
  1153 | D:2      | Killed Jessica
  1154 | D:2      | Reached skill level 5 in Axes
  1154 | D:2      | Reached XP level 4. HP: 32/39 MP: 3/3
  1259 | D:2      | Found a glowing silver altar of Zin.
  2053 | D:4      | Found an iron altar of Okawaru.
  2055 | D:4      | Noticed a black bear
  2061 | D:4      | Killed a black bear
  2062 | D:4      | Reached XP level 5. HP: 38/45 MP: 4/4
  2064 | D:4      | Became a worshipper of Warmaster Okawaru
  2125 | D:4      | Found a staircase to the Ecumenical Temple.
  2159 | D:4      | Noticed a phantom
  2176 | D:4      | Killed a phantom
  2177 | D:4      | Reached XP level 6. HP: 49/51 MP: 5/5
  2397 | D:4      | Identified the +5 flail "Killer Bee's Death" {freeze, rF+++
                  | rC++ Int-3 Dex+3}
  2516 | D:4      | Noticed Edmund
  2527 | D:4      | Killed Edmund
  2528 | D:4      | Reached skill level 3 in Maces & Flails
  2612 | D:5      | Entered Level 5 of the Dungeon
  2621 | D:5      | Reached skill level 4 in Maces & Flails
  2621 | D:5      | Reached XP level 7. HP: 57/57 MP: 6/6
  2635 | D:5      | Found a glowing drain.
  2647 | Sewer    | Entered a sewer
  2665 | Sewer    | Noticed Pargi
  2672 | Sewer    | Killed Pargi
  2672 | Sewer    | Reached * piety under Okawaru
  2673 | Sewer    | Reached skill level 5 in Maces & Flails
  2864 | D:5      | Noticed Ijyb
  2885 | D:5      | Killed Ijyb
  2956 | D:5      | Reached skill level 6 in Maces & Flails
  3237 | D:5      | Noticed a +0 hand axe
  3237 | D:5      | Noticed a +0 hand axe
  3238 | D:5      | Found a hide-covered altar of Uskayaw.
  3617 | D:4      | Reached skill level 1 in Invocations
  3621 | D:4      | Reached skill level 5 in Fighting
  3907 | D:6      | Reached XP level 8. HP: 54/68 MP: 8/8
  4056 | D:6      | Reached ** piety under Okawaru
  4057 | D:6      | Reached skill level 7 in Maces & Flails
  4775 | D:6      | Found a sparkling altar of Nemelex Xobeh.
  4905 | D:6      | Reached skill level 8 in Maces & Flails
  4999 | D:6      | Found Osaret's Firing Range.
  5026 | D:6      | Slain by a wight

Illustrated notes

Levels and vault maps discovered:
D:1:      lightli_arrival_farm, layout_basic, chequers_serial_rivers_micro_b
D:2:      layout_basic, basic_altar, dreamdust_ecumenical_altar_drowned_temple,
          serial_shops, nicolae_shop_just_a_little_nook, nrook_campfire,
          uniq_jessica
D:3:      layout_rooms
D:4:      layout_rooms, okawaru_metal_pillars_1_2, minmay_temple_entry_waves,
          hex_large, kennysheep_cross_bottleneck, uniq_edmund
D:5:      layout_basic, dancing_weapons_uskayaw, portal_sewer_entry_a,
          nicolae_fountain_basement, uniq_ijyb
D:6:      layout_gridville, nemelex_dance_club_becter,
          hangedman_abyss_or_decor_lesser_grid, hangedman_abyss_or_decor_slice,
          nicolae_shop_firing_range

Skill      XL: |  1  2  3  4  5  6  7  8 |
---------------+-------------------------+-----
Axes           | 3 4 5 7 |  7.9
Maces & Flails | 4 6 8 |  8.1
Fighting       | 5 7 |  7.1
Invocations    | 1 3 |  3.0
Armour         | 4 |  4.6
Shields        | 4 |  4.6

Action                     |  1- 3 |  4- 6 |  7- 9 || total
---------------------------+-------+-------+-------++-------
  Melee: War axe           |    64 |    59 |       ||   123
         Headbutt          |     8 |     8 |    22 ||    38
         Flail             |       |    14 |   159 ||   173
    Use: Potion            |       |     1 |       ||     1
         Scroll            |       |       |     1 ||     1
 Armour: Scale mail        |    36 |     1 |       ||    37
         Chain mail        |       |    44 |    39 ||    83
         Plate armour      |       |       |    54 ||    54
  Dodge: Dodged            |    42 |    25 |    64 ||   131
  Block: Buckler           |    18 |    20 |    37 ||    75

Table legend: (Time is in decaauts)
 A = Elapsed time spent in this place.
 B = Non-inter-level travel time spent in this place.
 C = Inter-level travel time spent in this place.
 D = Time resting spent in this place.
 E = Time spent auto-exploring this place.
 F = Levels seen in this place.
 G = Mean time per level.
                   A        B        C        D        E       F      G
               +--------+--------+--------+--------+--------+-----+--------+
         Total |   5146 |   4893 |    253 |    946 |   2780 |   7 |  735.1 |
       Dungeon |   4945 |   4692 |    253 |    946 |   2677 |   6 |  824.2 |
         Sewer |    201 |    201 |      0 |      0 |    102 |   1 |  201.0 |
               +--------+--------+--------+--------+--------+-----+--------+

Top non-repeatable levels by time:
     D:6: 1140 daAuts
     D:5: 871 daAuts
     D:4: 844 daAuts
     D:1: 839 daAuts
     D:2: 711 daAuts
     D:3: 537 daAuts
   Sewer: 201 daAuts
